[ AOE2 MATCH · #505597455 ]
UnrankedTupi vs Mongols
Player's team · WIN
Rival team · LOSS
[ REPLAY ANALYSIS · EXTRACTED FROM THE RECORDED GAME ]
Feudal
18:09
Castle
30:52
Imperial
—
| APM avg | 47.3 |
| APM peak | 79 |
| eAPM avg | 22.5 |
| Villagers / military | 63 / 13 |
Focus
⚔️ 24.8% · 🌾 75.2%
Skirmisher ×13
Feudal
14:40
Castle
—
Imperial
—
| APM avg | 78.6 |
| APM peak | 137 |
| eAPM avg | 17.4 |
| Villagers / military | 44 / 28 |
Focus
⚔️ 33.8% · 🌾 66.2%
Archer ×24 · Militia ×4
Match map
Initial resources + every placement click. Lines = walls · curves = elevation contours. ◆ gold · ⬟ stone · ● berries · ✦ relic · ◌ wall gap
Your base· Open — unwalled flank
KARA___'s base· Open — unwalled flank
Smoothed initial terrain · ◌ = detected wall gap · hover for details
Inputs per minute
— TE MS MOE - - KARA___
Build order — TE MS MOE
135 actions detected in the replay
| 0:01 | Queue | Villager (Male) |
| 0:02 | Build | House |
| 0:04 | Build | House |
| 0:10 | Queue | Villager (Male) |
| 0:11 | Queue | Villager (Male) |
| 0:11 | Queue | Villager (Male) |
| 0:11 | Queue | Villager (Male) |
| 1:00 | Queue | Villager (Male) |
| 1:01 | Queue | Villager (Male) |
| 1:01 | Queue | Villager (Male) |
| 1:36 | Queue | Villager (Male) |
| 1:36 | Queue | Villager (Male) |
| 2:00 | Queue | Villager (Male) |
| 2:00 | Queue | Villager (Male) |
| 2:00 | Queue | Villager (Male) |
| 2:21 | Build | Settlement |
| 2:33 | Queue | Villager (Male) |
| 2:33 | Queue | Villager (Male) |
| 2:33 | Queue | Villager (Male) |
| 3:19 | Queue | Villager (Male) |
| 3:19 | Queue | Villager (Male) |
| 3:40 | Queue | Villager (Male) |
| 3:40 | Queue | Villager (Male) |
| 4:03 | Queue | Villager (Male) |
| 4:03 | Queue | Villager (Male) |
| 4:03 | Queue | Villager (Male) |
| 4:18 | Queue | Villager (Male) |
| 4:18 | Queue | Villager (Male) |
| 4:18 | Queue | Villager (Male) |
| 4:43 | Research | Loom |
| 4:43 | Research | Loom |
| 5:12 | Queue | Villager (Male) |
| 5:12 | Queue | Villager (Male) |
| 5:31 | Queue | Villager (Male) |
| 5:32 | Queue | Villager (Male) |
| 5:32 | Queue | Villager (Male) |
| 5:32 | Queue | Villager (Male) |
| 5:32 | Queue | Villager (Male) |
| 5:33 | Queue | Villager (Male) |
| 6:27 | Build | House |
| 7:20 | Build | House |
| 7:27 | Build | House |
| 7:39 | Build | Town Center |
| 8:27 | Queue | Villager (Male) |
| 8:28 | Queue | Villager (Male) |
| 8:28 | Queue | Villager (Male) |
| 8:28 | Queue | Villager (Male) |
| 9:07 | Queue | Villager (Male) |
| 9:07 | Queue | Villager (Male) |
| 9:07 | Queue | Villager (Male) |
| 11:51 | Queue | Villager (Male) |
| 11:51 | Queue | Villager (Male) |
| 12:22 | Queue | Villager (Male) |
| 12:22 | Queue | Villager (Male) |
| 12:22 | Queue | Villager (Male) |
| 12:29 | Build | Settlement |
| 12:39 | Build | Palisade Gate |
| 12:43 | Build | Palisade Gate |
| 13:14 | Queue | Villager (Male) |
| 13:16 | Queue | Villager (Male) |
| 13:16 | Queue | Villager (Male) |
| 13:35 | Build | Palisade Gate |
| 13:47 | Build | Settlement |
| 13:49 | Queue | Villager (Male) |
| 13:56 | Build | Settlement |
| 13:59 | Build | Palisade Wall |
| 14:13 | Queue | Villager (Male) |
| 15:14 | Queue | Villager (Male) |
| 15:59 | Research | Feudal Age |
| 16:10 | Build | Settlement |
| 17:05 | Build | Barracks |
| 17:18 | Build | Palisade Wall |
| 17:18 | Build | Palisade Wall |
| 17:20 | Build | Palisade Wall |
| 17:21 | Build | Palisade Wall |
| 18:09 | Age | Feudal Age |
| 18:13 | Build | Watch Tower |
| 18:23 | Research | Town Watch |
| 18:23 | Research | Town Watch |
| 18:25 | Research | Double-Bit Axe |
| 18:25 | Research | Double-Bit Axe |
| 18:26 | Queue | Villager (Male) |
| 18:32 | Build | Archery Range |
| 18:47 | Queue | Villager (Male) |
| 18:59 | Build | Watch Tower |
| 19:13 | Build | Palisade Gate |
| 19:23 | Queue | Skirmisher |
| 19:23 | Queue | Skirmisher |
| 19:54 | Queue | Skirmisher |
| 20:03 | Queue | Villager (Male) |
| 20:09 | Queue | Skirmisher |
| 20:20 | Build | Outpost |
| 20:33 | Queue | Skirmisher |
| 20:37 | Queue | Villager (Male) |
| 20:46 | Build | House |
| 21:13 | Queue | Villager (Male) |
| 21:19 | Build | Watch Tower |
| 21:27 | Queue | Villager (Male) |
| 21:30 | Queue | Skirmisher |
| 21:30 | Queue | Skirmisher |
| 21:33 | Build | Blacksmith |
| 21:46 | Build | Watch Tower |
| 21:53 | Queue | Villager (Male) |
| 22:21 | Build | Palisade Wall |
| 22:22 | Build | Palisade Wall |
| 22:23 | Build | Palisade Wall |
| 22:23 | Build | Palisade Wall |
| 22:27 | Research | Fletching |
| 22:39 | Build | Farm |
| 22:39 | Build | Farm |
| 22:40 | Build | Farm |
| 22:47 | Build | Farm |
| 22:48 | Queue | Skirmisher |
| 23:18 | Queue | Skirmisher |
| 23:30 | Build | Market |
| 23:48 | Build | Farm |
| 23:52 | Queue | Skirmisher |
| 24:07 | Build | Farm |
| 24:13 | Research | Padded Archer Armor |
| 24:13 | Research | Padded Archer Armor |
| 24:19 | Queue | Villager (Male) |
| 24:31 | Build | Farm |
| 24:37 | Queue | Villager (Male) |
| 24:44 | Research | Wheelbarrow |
| 24:44 | Research | Wheelbarrow |
| 25:04 | Build | House |
| 25:16 | Queue | Skirmisher |
| 25:32 | Queue | Villager (Male) |
| 26:13 | Queue | Villager (Male) |
| 26:43 | Build | Watch Tower |
| 28:12 | Research | Castle Age |
| 28:12 | Research | Castle Age |
| 29:36 | Queue | Skirmisher |
| 29:36 | Queue | Skirmisher |
| 30:52 | Age | Castle Age |
Build order — KARA___
123 actions detected in the replay
| 0:00 | Queue | Villager (Male) |
| 0:00 | Queue | Villager (Male) |
| 0:01 | Build | House |
| 0:02 | Build | House |
| 0:11 | Queue | Villager (Male) |
| 0:16 | Queue | Villager (Male) |
| 1:30 | Queue | Villager (Male) |
| 1:56 | Queue | Villager (Male) |
| 2:09 | Queue | Villager (Male) |
| 2:43 | Queue | Villager (Male) |
| 2:43 | Queue | Villager (Male) |
| 2:59 | Build | Barracks |
| 3:22 | Queue | Villager (Male) |
| 3:46 | Build | House |
| 3:53 | Queue | Militia |
| 3:54 | Queue | Militia |
| 3:58 | Queue | Villager (Male) |
| 3:58 | Queue | Villager (Male) |
| 4:21 | Build | House |
| 4:41 | Build | House |
| 4:48 | Queue | Villager (Male) |
| 4:53 | Queue | Militia |
| 4:55 | Queue | Militia |
| 5:07 | Queue | Villager (Male) |
| 5:26 | Build | Palisade Wall |
| 5:37 | Build | Mill |
| 5:51 | Queue | Villager (Male) |
| 5:52 | Queue | Villager (Male) |
| 6:21 | Queue | Villager (Male) |
| 6:42 | Build | Lumber Camp |
| 6:44 | Queue | Villager (Male) |
| 7:02 | Queue | Villager (Male) |
| 7:46 | Build | Palisade Wall |
| 9:06 | Queue | Villager (Male) |
| 9:21 | Research | Feudal Age |
| 9:43 | Build | Palisade Wall |
| 9:47 | Build | Palisade Wall |
| 10:21 | Build | Mining Camp |
| 11:05 | Build | Town Center |
| 12:24 | Queue | Villager (Male) |
| 12:24 | Queue | Villager (Male) |
| 12:30 | Research | Feudal Age |
| 12:30 | Research | Feudal Age |
| 14:40 | Age | Feudal Age |
| 14:41 | Build | Archery Range |
| 14:47 | Build | Blacksmith |
| 14:53 | Research | Loom |
| 14:53 | Research | Loom |
| 15:17 | Queue | Archer |
| 15:43 | Research | Fletching |
| 15:58 | Queue | Archer |
| 16:21 | Queue | Archer |
| 16:52 | Build | Archery Range |
| 16:53 | Queue | Archer |
| 16:56 | Queue | Villager (Male) |
| 17:22 | Queue | Archer |
| 18:08 | Queue | Archer |
| 18:08 | Queue | Archer |
| 18:43 | Research | Man-at-Arms (upgrade) |
| 18:43 | Research | Man-at-Arms (upgrade) |
| 18:49 | Build | House |
| 19:04 | Queue | Archer |
| 19:33 | Queue | Archer |
| 19:34 | Queue | Archer |
| 19:59 | Queue | Villager (Male) |
| 20:06 | Build | House |
| 20:07 | Build | House |
| 20:16 | Queue | Archer |
| 20:17 | Queue | Archer |
| 20:29 | Queue | Archer |
| 20:31 | Queue | Villager (Male) |
| 20:32 | Queue | Villager (Male) |
| 20:54 | Queue | Villager (Male) |
| 20:55 | Queue | Villager (Male) |
| 21:00 | Build | Mill |
| 21:15 | Build | Mill |
| 21:24 | Queue | Villager (Male) |
| 21:24 | Queue | Villager (Male) |
| 21:24 | Queue | Villager (Male) |
| 21:39 | Build | House |
| 21:40 | Build | Palisade Wall |
| 21:49 | Queue | Archer |
| 21:49 | Queue | Archer |
| 22:29 | Build | Lumber Camp |
| 22:34 | Build | Mining Camp |
| 22:45 | Queue | Villager (Male) |
| 22:47 | Queue | Villager (Male) |
| 22:47 | Queue | Villager (Male) |
| 23:18 | Queue | Villager (Male) |
| 23:18 | Queue | Villager (Male) |
| 23:45 | Build | Outpost |
| 23:58 | Queue | Villager (Male) |
| 24:30 | Queue | Archer |
| 24:30 | Queue | Archer |
| 24:33 | Queue | Villager (Male) |
| 24:33 | Queue | Villager (Male) |
| 24:33 | Queue | Villager (Male) |
| 24:39 | Build | Farm |
| 24:44 | Build | House |
| 25:07 | Queue | Villager (Male) |
| 25:15 | Queue | Archer |
| 25:30 | Build | Watch Tower |
| 26:18 | Build | Watch Tower |
| 26:53 | Build | Market |
| 27:30 | Build | House |
| 27:32 | Build | Stone Wall |
| 27:34 | Build | Stone Wall |
| 28:02 | Queue | Villager (Male) |
| 28:07 | Research | Padded Archer Armor |
| 28:29 | Build | Watch Tower |
| 28:42 | Queue | Villager (Male) |
| 28:55 | Queue | Archer |
| 28:55 | Queue | Archer |
| 29:27 | Queue | Archer |
| 29:27 | Queue | Archer |
| 29:45 | Queue | Archer |
| 29:45 | Queue | Archer |
| 30:12 | Build | Mill |
| 30:27 | Build | House |
| 30:43 | Build | Stone Wall |
| 30:48 | Build | Stone Wall |
| 30:48 | Build | Stone Wall |
| 30:51 | Queue | Villager (Male) |
Match timeline
| 2:59 | KARA___ · first_building Barracks |
| 5:26 | KARA___ · wall_segment Palisade Wall x4 |
| 7:46 | KARA___ · wall_segment Palisade Wall x11 |
| 9:43 | KARA___ · wall_segment Palisade Wall x1 |
| 9:47 | KARA___ · wall_segment Palisade Wall x1 |
| 13:59 | TE MS MOE · wall_segment Palisade Wall x2 |
| 14:40 | KARA___ · age_up feudal |
| 14:41 | KARA___ · first_building Archery Range |
| 17:05 | TE MS MOE · first_building Barracks |
| 17:18 | TE MS MOE · wall_segment Palisade Wall x1 |
| 17:18 | TE MS MOE · wall_segment Palisade Wall x1 |
| 17:20 | TE MS MOE · wall_segment Palisade Wall x1 |
| 17:21 | TE MS MOE · wall_segment Palisade Wall x1 |
| 18:09 | TE MS MOE · age_up feudal |
| 18:32 | TE MS MOE · first_building Archery Range |
| 21:40 | KARA___ · wall_segment Palisade Wall x1 |
| 22:21 | TE MS MOE · wall_segment Palisade Wall x1 |
| 22:22 | TE MS MOE · wall_segment Palisade Wall x1 |
| 22:23 | TE MS MOE · wall_segment Palisade Wall x1 |
| 22:23 | TE MS MOE · wall_segment Palisade Wall x1 |
| 24:12 | TE MS MOE · first_market_buy 100 food |
| 24:53 | TE MS MOE · first_market_sell 100 stone |
| 27:32 | KARA___ · wall_segment Stone Wall x1 |
| 27:34 | KARA___ · wall_segment Stone Wall x1 |
| 28:05 | KARA___ · first_market_buy 100 food |
| 30:43 | KARA___ · wall_segment Stone Wall x1 |
| 30:48 | KARA___ · wall_segment Stone Wall x1 |
| 30:48 | KARA___ · wall_segment Stone Wall x1 |
| 30:52 | TE MS MOE · age_up castle |
| 30:58 | KARA___ · resign |
[ AI ANALYSIS · 1 CREDIT ]
What really happened in this match?
Wolo.gg analyzes every decision: build order, eco, micro, common mistakes by bracket. Personalized analysis on WhatsApp or Discord in 30 seconds.
Civ guide
Tupi
Perfil
Jugador #22749910